 Dungeon Crawl Stone Soup version 0.18-a0-1166-g6e2d2a0 (webtiles) character file.

7 RedPan the Magician (level 2, -3/17 HPs)
             Began as an Octopode Wizard on Jan 26, 2016.
             Slain by a worm (7 damage)
             ... on level 1 of the Dungeon.
             The game lasted 00:01:37 (741 turns).

RedPan the Magician (Octopode Wizard)                Turns: 741, Time: 00:01:37

Health: -3/17      AC:  1    Str:  6    XL:     2   Next: 4%
Magic:  1/6        EV: 12    Int: 20    God:
Gold:   82         SH:  0    Dex: 10    Spells: 1 memorised, 6 levels left

rFire  . . .     SeeInvis .     i - +0 dagger
rCold  . . .     Gourm    .     (no shield)
rNeg   . . .     Faith    .     a - +0 hat
rPois  .         Spirit   .     (no amulet)
rElec  .         Dismiss  .     (no ring)
rCorr  .         Reflect  .     (no ring)
SustAt .         Harm     .     (no ring)
MR     .....                    (no ring)
Stlth  +++.......               (no ring)
                                (no ring)
                                (no ring)
                                (no ring)

@: not resistant to hostile enchantments, fairly stealthy
A: almost no armour, amphibious, 8 rings, constrict 8, camouflage 1, gelatinous
body 1
a: no special abilities


You were on level 1 of the Dungeon.
You were not hungry.

You visited 1 branch of the dungeon, and saw 2 of its levels.

You collected 82 gold pieces.

Inventory:

Hand Weapons
 i - a +0 dagger (weapon)
Armour
 a - a +0 hat (worn)
Scrolls
 e - 2 scrolls of identify {unknown}
 g - a scroll of enchant weapon {unknown}
 h - a scroll of teleportation {unknown}
 j - a scroll of noise {unknown}
 k - 3 scrolls of fog {unknown}
 m - a scroll of remove curse {unknown}
Potions
 d - 2 potions of curing {unknown}
 f - 2 potions of might {unknown}
 l - a potion of lignification {unknown}
Books
 b - a book of Minor Magic

   Spells                             Type                      Level
   a - Magic Dart                     Conjuration                  1
   b - Blink                          Translocation                2
   c - Call Imp                       Summoning                    2
   d - Repel Missiles                 Charms/Air                   2
   e - Slow                           Hexes                        2
   f - Conjure Flame                  Conjuration/Fire             3
   g - Mephitic Cloud                 Conjuration/Poison/Air       3
Comestibles
 c - 2 bread rations


   Skills:
 - Level 2.0 Dodging
 - Level 2.6 Stealth
 + Level 3.1 Spellcasting
 * Level 1.7 Conjurations
   Level 1.0 Summonings
   Level 1.0 Translocations


You had 6 spell levels left.
You knew the following spells:

 Your Spells              Type           Power        Failure   Level  Hunger
a - Magic Dart            Conj           ##..         10%         1    None


Dungeon Overview and Level Annotations

Branches:
Dungeon (2/15)

Altars:


Innate Abilities, Weirdness & Mutations

You cannot wear most types of armour.
You are amphibious.
You can wear up to eight rings at the same time.
You can use your tentacles to constrict eight enemies at once.
Your skin changes colour to match your surroundings (Stealth).
Your rubbery body absorbs attacks (AC +1).


Message History

The worm is severely wounded.
The giant cockroach closely misses you. The giant newt bites you.
The giant cockroach bites you but does no damage.
The worm bites you but does no damage. The giant newt bites you.
You climb upwards.
There is a stone staircase leading down here.
You hit the worm but do no damage. Your grab misses the worm.
The worm is severely wounded.
The giant cockroach barely misses you. The giant newt misses you.
The giant cockroach closely misses you.
You hit the worm. Your grab misses the worm.
The worm is severely wounded.
The worm bites you! The giant cockroach bites you.
* * * LOW HITPOINT WARNING * * *
The giant newt closely misses you.
You hit the worm but do no damage. You grab the worm. You squeeze the worm.
The worm is almost dead.
You constrict the worm. The giant cockroach closely misses you.
The worm bites you!
You die...

####.#.#
##..###.#....##..##.## #.#.#
#...##...........#..#
#.#.######..##.#...#........#
#.#............##.##.#...#..##
#.#######.#..#.......##.##....
#
#.#####.#.#..#.###.#.......#.#
####.......#.#....#
#.#(#..####.#
...#######.#.#..s.#
#.#.#..####.# ....##
#.#....@l# #.#.#.....#.#
.....# #.#.#.##w#
#.#.##.##.#.# .....#
#.#....#.# #.#.##.##.#.#
.....# #.######.#
#.#.##....... .....#
#........###.#.####.##.#
....##
######.......#.......#.# ...##
#.###############.# ##### #.#
#......†...... #...### #.#
#.############


You could see a worm, a giant cockroach and a giant newt.

Vanquished Creatures
  2 goblins (D:1)
  2 hobgoblins (D:1)
  2 bats (D:1)
  A giant newt (D:1)
7 creatures vanquished.

Notes
Turn   | Place    | Note
--------------------------------------------------------------
     0 | D:1      | RedPan the Octopode Wizard began the quest for the Orb.
     0 | D:1      | Reached XP level 1. HP: 11/11 MP: 4/4
   567 | D:1      | Reached XP level 2. HP: 17/17 MP: 6/6
   741 | D:1      | Slain by a worm

Vault maps used:
D:1:      dpeg_arrival_three_bigger_balls, hangedman_decor_clover_reticule,
          minmay_misc_feat_x
D:2:      elyvilon_altar_4

Action                   || total
-------------------------++-------
Melee: Dagger            ||     7
       Mace              ||     4
 Cast: Magic Dart        ||    15
 Stab: Sleeping          ||     1
